 Dungeon Crawl Stone Soup version 0.28.0 (webtiles) character file.

Game seed: 10600420749617205617

17710 Dirian the Carver (level 12, -1/115 HPs)
             Began as a Minotaur Fighter on Feb 9, 2022.
             Was an Elder of Makhleb.
             Slain by a seven-headed hydra (6 damage)
             ... on level 11 of the Dungeon.
             The game lasted 00:27:43 (14378 turns).

Dirian the Carver (Minotaur Fighter)               Turns: 14378, Time: 00:27:44

Health: -1/115     AC: 14    Str: 20    XL:     12   Next: 21%
Magic:  18/18      EV: 12    Int:  7    God:    Makhleb [****..]
Gold:   779        SH:  8    Dex: 16    Spells: 11/11 levels left

rFire   . . .      SeeInvis .   a - +3 long sword (drain)
rCold   + . .      Faith    .   I - +2 buckler
rNeg    . . .      Spirit   .   J - +3 scale mail {rPois}
rPois   +          Reflect  .   (helmet restricted)
rElec   .          Harm     .   M - +1 cloak {Will+}
rCorr   .          Rampage  .   (no gloves)
Will    ++...                   F - +0 pair of boots
Stlth   ..........              D - amulet of the acrobat
HPRegen 0.29/turn               k - ring of Kerphec {rC+ Int+2}
MPRegen 0.16/turn               w - ring of willpower

@: about to teleport, marked
A: horns 2, retaliatory headbutt
a: Renounce Religion, Minor Destruction, Lesser Servant of Makhleb, Major
Destruction


You were on level 11 of the Dungeon.
You worshipped Makhleb.
Makhleb was greatly pleased with you.
You visited 2 branches of the dungeon, and saw 13 of its levels.
You also visited: Ossuary.

You collected 779 gold pieces.

Inventory:

Hand Weapons
 a - a +3 long sword of draining (weapon)
 L - a +0 long sword
Missiles
 j - 2 throwing nets (quivered)
Armour
 l - +0 ice dragon scales
 m - a +0 plate armour
 F - a +0 pair of boots (worn)
 I - a +2 buckler (worn)
 J - a +3 scale mail of poison resistance (worn)
 M - a +1 cloak of willpower (worn)
Jewellery
 e - a ring of fire
 k - the ring of Kerphec (left hand) {rC+ Int+2}
   (You found it on level 4 of the Dungeon)

   [ring of protection from cold]

   Int:       It affects your intelligence (+2).
   rC:        It protects you from cold.
 w - a ring of willpower (right hand)
 B - an amulet of faith
 C - a +4 ring of evasion
 D - an amulet of the acrobat (around neck)
Wands
 c - a wand of paralysis (4)
 s - a wand of iceblast (26)
 x - a wand of flame (23)
 y - a wand of acid (13)
 G - a wand of polymorph (3)
Scrolls
 b - 2 scrolls of fog
 r - a scroll of identify
 t - 8 scrolls of teleportation
 E - a scroll of brand weapon
 K - a scroll of acquirement {unknown}
Potions
 d - a potion of might
 f - a potion of mutation
 g - 3 potions of attraction
 h - 3 potions of cancellation
 i - 2 potions of flight
 n - a potion of resistance
 o - 6 potions of brilliance
 p - 2 potions of berserk rage
 q - 6 potions of curing
 u - 3 potions of lignification
 v - 2 potions of heal wounds {unknown}
 z - 2 potions of degeneration {unknown}
 H - 2 potions of haste {unknown}


   Skills:
 + Level 13.0 Fighting
 + Level 13.2 Long Blades
 + Level 7.7 Armour
 - Level 5.0 Dodging
 + Level 7.6 Shields
 - Level 10.0 Invocations


You had 11 spell levels left.
You didn't know any spells.
Your spell library contained the following spells:

 Spells                   Type           Power      Damage    Failure   Level
 Shock                    Conj/Air       0%         1d3       83%         1
 Slow                     Hex            0%         N/A       83%         1
 Confusing Touch          Hex            0%         N/A       99%         3
 Ozocubu's Armour         Ice            0%         N/A       99%         3
 Swiftness                Air            0%         N/A       99%         3
 Vampiric Draining        Necr           0%         2d6       99%         3
 Airstrike                Air            0%         N/A       100%        4
 Ozocubu's Refrigeration  Ice            0%         4d5       100%        7


Dungeon Overview and Level Annotations

Branches:
Dungeon (12/15)            Temple (1/1) D:4            Lair (0/6) D:11
    Orc (0/2) D:10        Ossuary (visited)

Altars:
Ashenzari
Cheibriados
Dithmenos
Elyvilon
Fedhas
Gozag
Hepliaklqana
Kikubaaqudgha
Makhleb
Nemelex Xobeh
Okawaru
Qazlal
Ru
Sif Muna
Trog
Uskayaw
Vehumet
Wu Jian
Xom
Yredelemnul
Zin
The Shining One

Shops:
D:1 *   D:4 =   D:6 :   D:9 (

Annotations:
D:7 2 transporters, Skimidon's ghost, journeyman VSBr
D:11 exclusion: 3 oklob plants


Innate Abilities, Weirdness & Mutations

You have a pair of horns on your head.
You reflexively headbutt those who attack you in melee.


Message History

You slice one of the five-headed hydra's heads off!
The four-headed hydra grows two more!
You slash the six-headed hydra!
You headbutt the six-headed hydra, but do no damage.
The six-headed hydra is lightly wounded.
The vampire hits you.
The vampire bites you but does no damage.
You chop one of the six-headed hydra's heads off!
The five-headed hydra grows two more!
You slash the seven-headed hydra! You drain the seven-headed hydra.
You headbutt the seven-headed hydra.
The seven-headed hydra is lightly wounded.
A hornet comes into view.
The seven-headed hydra completely misses you.
The seven-headed hydra bites you.
The seven-headed hydra closely misses you.
The seven-headed hydra bites you!
* * * LOW HITPOINT WARNING * * *
You block the seven-headed hydra's attack. x2
The seven-headed hydra bites you.
* * * LOW HITPOINT WARNING * * *
You block the vampire's attack. The vampire completely misses you.
You hit the seven-headed hydra but do no damage.
The seven-headed hydra is lightly wounded.
You block the seven-headed hydra's attack.
The seven-headed hydra bites you!
* * * LOW HITPOINT WARNING * * *
The seven-headed hydra closely misses you.
The seven-headed hydra bites you but does no damage.
You block the seven-headed hydra's attack.
The seven-headed hydra bites you but does no damage. x2
The vampire hits you but does no damage.
The vampire bites you!
* * * LOW HITPOINT WARNING * * *
The vampire draws strength from your injuries!
As you read the scroll of teleportation, it crumbles to dust.
You feel strangely unstable.
A hornet comes into view.
You block the seven-headed hydra's attack.
The seven-headed hydra bites you but does no damage.
The seven-headed hydra bites you.
You die...

#####...#
........#
........#####
............#
........).#.#
......#...#.#
........#)..#
#....####.^.######
..............yD@#
#.......##.y#.##V#
##......'...#.##9#
.......9###.#....#
.........##.######
....(/......#
.............
......9.#####
........#


You could see a seven-headed hydra (drained), 2 hornets, a vampire and a
gargoyle.

Vanquished Creatures
  A boulder beetle (D:12)
  2 two-headed ogres
  A tengu warrior (D:8)
  Pikel (D:7)
  A deep elf pyromancer (D:12)
  A cyclops (D:9)
  An ugly thing (D:9)
  Maurice (D:9)
  2 gargoyles (D:12)
  4 unseen horrors
  2 tengu conjurers
  A hornet (D:10)
  2 trolls
  4 slime creatures (D:12)
  Prince Ribbit (D:9)
  A jumping spider (shapeshifter) (D:9)
  Sigmund (D:3)
  2 wraiths (Ossuary)
  A vampire (D:10)
  15 yaks
  A human (D:10)
  A wyvern (D:11)
  2 steam dragons (D:10)
  An acid dragon (D:9)
  3 black bears
  5 orc warriors
  3 ice beasts
  4 sky beasts
  8 necrophages
  2 ogres
  A lemure (D:7)
  8 centaurs
  2 phantoms (D:5)
  3 bullfrogs
  3 wyvern zombies
  2 gnoll sergeants
  4 scorpions
  6 killer bees (D:8)
  A wyvern skeleton (D:6)
  A water moccasin skeleton (D:5)
  11 wights
  An electric eel (D:9)
  4 howler monkeys
  4 bullfrog zombies
  4 centaur zombies
  4 jellies
  4 orc priests
  2 bullfrog skeletons
  Crazy Yiuf (D:3)
  4 hounds
  An iron imp (D:5)
  A centaur skeleton (D:5)
  4 iguanas
  A gnoll shaman (D:5)
  Terence (D:3)
  4 orc wizards
  Natasha (thrice) (D:2)
  2 howler monkey zombies (D:9)
  9 adders
  22 gnolls
  A white imp (D:7)
  2 ufetubi
  An adder skeleton (D:4)
  2 worms (D:2)
  3 dart slugs
  34 orcs
  13 bats
  7 endoplasms
  2 giant cockroaches
  4 goblins
  7 hobgoblins
  4 jackals
  2 quokkas
  6 ball pythons
  6 ball python skeletons (Ossuary)
  5 frilled lizards
  5 kobolds
  An orc skeleton (Ossuary)
  A rat (D:1)
  2 bushes (D:7)
301 creatures vanquished.

Vanquished Creatures (others)
  20 plants
20 creatures vanquished.

Grand Total: 321 creatures vanquished

Notes
Turn   | Place    | Note
-------+----------+-------------------------------------------
     0 | D:1      | Dirian the Minotaur Fighter began the quest for the Orb.
     0 | D:1      | Reached XP level 1. HP: 19/19 MP: 0/0
    66 | D:1      | Found a faded altar of an unknown god.
   112 | D:1      | Found Opet's Assorted Antiques.
   210 | D:1      | Reached XP level 2. HP: 27/27 MP: 1/1
   572 | D:1      | Reached XP level 3. HP: 33/33 MP: 2/2
  1058 | D:2      | Reached XP level 4. HP: 40/40 MP: 3/3
  1304 | D:2      | Noticed Natasha
  1323 | D:2      | Killed Natasha
  1328 | D:2      | Reached XP level 5. HP: 22/47 MP: 4/4
  1621 | D:2      | Noticed Natasha
  1626 | D:2      | Killed Natasha
  1788 | D:2      | Noticed Natasha
  1795 | D:2      | Killed Natasha
  1855 | D:3      | Found a basalt altar of Yredelemnul.
  2034 | D:3      | Noticed Sigmund
  2044 | D:3      | Killed Sigmund
  2045 | D:3      | Reached skill level 5 in Fighting
  2045 | D:3      | Reached skill level 5 in Long Blades
  2045 | D:3      | Reached skill level 5 in Armour
  2045 | D:3      | Reached skill level 5 in Shields
  2045 | D:3      | Reached XP level 6. HP: 37/56 MP: 5/5
  2323 | D:3      | Found a runed translucent door.
  2324 | D:3      | Noticed Crazy Yiuf
  2390 | D:3      | Noticed Terence
  2405 | D:3      | Killed Terence
  2813 | D:3      | Killed Crazy Yiuf
  2970 | D:4      | Reached skill level 1 in Dodging
  2987 | D:4      | Reached XP level 7. HP: 51/61 MP: 6/6
  3061 | D:4      | Found Wunablap's Jewellery Shop.
  3070 | D:4      | Found a staircase to the Ecumenical Temple.
  3101 | D:4      | Found a white marble altar of Elyvilon.
  3207 | D:4      | Identified the ring of Kerphec {rC+ Int+2}
  4037 | Temple   | Entered the Ecumenical Temple
  4100 | Temple   | Became a worshipper of Makhleb the Destroyer
  4155 | D:5      | Entered Level 5 of the Dungeon
  4200 | D:5      | Reached XP level 8. HP: 58/71 MP: 7/7
  4320 | D:5      | Found a sand-covered staircase.
  4325 | Ossuary  | Entered an ossuary
  4484 | Ossuary  | Noticed a flying skull
  4491 | Ossuary  | Noticed a flying skull
  4497 | Ossuary  | Noticed a flying skull
  4517 | Ossuary  | Noticed a flying skull
  4527 | Ossuary  | Noticed a flying skull
  5088 | Ossuary  | Reached * piety under Makhleb
  5553 | D:5      | Reached skill level 10 in Long Blades
  5575 | D:5      | Reached XP level 9. HP: 80/80 MP: 8/8
  5583 | D:5      | Reached skill level 5 in Dodging
  5925 | D:5      | Found a snail-covered altar of Cheibriados.
  6189 | D:6      | Reached skill level 1 in Invocations
  6209 | D:6      | Found Kubbeukae's Self-Improvement Boutique.
  6388 | D:6      | Found a hazy altar of Hepliaklqana.
  6397 | D:6      | Found a sacrificial altar of Ru.
  6903 | D:7      | Found a transporter.
  6911 | D:7      | Noticed Skimidon's ghost (journeyman VSBr)
  6914 | D:7      | Found a bloodstained altar of Trog.
  6921 | D:7      | Found a transporter.
  6930 | D:7      | Noticed a moth of wrath
  7268 | D:7      | Reached ** piety under Makhleb
  7288 | D:7      | Noticed Pikel
  7300 | D:7      | Killed Pikel
  7301 | D:7      | Reached XP level 10. HP: 91/91 MP: 10/12
  7655 | D:7      | Found a blossoming altar of Fedhas.
  7854 | D:7      | Reached skill level 5 in Invocations
  7884 | D:7      | Reached skill level 10 in Fighting
  9004 | D:9      | Noticed a cyclops
  9022 | D:9      | Killed a cyclops
  9223 | D:9      | Noticed a tengu warrior
  9237 | D:8      | Killed a tengu warrior
  9380 | D:9      | Found Ihoiled's Antique Weapon Shop.
  9428 | D:9      | Noticed a brown ugly thing
  9446 | D:9      | Killed a brown ugly thing
  9652 | D:9      | Reached *** piety under Makhleb
  9689 | D:9      | You fall into a shaft and drop 3 floors!
  9836 | D:12     | Noticed a four-headed hydra
  9855 | D:12     | Noticed a boulder beetle
  9871 | D:12     | Killed a boulder beetle
  9872 | D:12     | Reached XP level 11. HP: 87/102 MP: 16/16
 10861 | D:12     | Noticed a deep elf pyromancer
 10870 | D:12     | Killed a deep elf pyromancer
 10900 | D:11     | Found a staircase to the Lair.
 10900 | D:11     | Noticed an oklob plant
 10900 | D:11     | Noticed an oklob plant
 10900 | D:11     | Noticed an oklob plant
 11547 | D:10     | Entered Level 10 of the Dungeon
 11686 | D:10     | Reached skill level 10 in Invocations
 12095 | D:9      | Noticed Prince Ribbit
 12096 | D:9      | Noticed Maurice
 12105 | D:9      | Killed Prince Ribbit
 12117 | D:9      | Killed Maurice
 13026 | D:10     | Reached **** piety under Makhleb
 13065 | D:10     | Noticed a two-headed ogre
 13396 | D:10     | Killed a two-headed ogre
 13397 | D:10     | Reached XP level 12. HP: 62/113 MP: 18/18
 13791 | D:10     | Found a staircase to the Orcish Mines.
 13926 | D:10     | Found an iron altar of Okawaru.
 14314 | D:11     | Noticed a two-headed ogre
 14322 | D:11     | Killed a two-headed ogre
 14377 | D:11     | HP: 5/115 [vampire (8)]
 14378 | D:11     | Slain by a seven-headed hydra

Illustrated notes

Levels and vault maps discovered:
D:1:      lemuel_arrival_lava_pool, layout_basic, serial_shops, shop,
          chequers_ecumenical_altar_twisty
D:2:      layout_basic, due_unseen_surprise, uniq_natasha
D:3:      layout_basic, lemuel_round_altar, uniq_sigmund, uniq_terence,
          uniq_crazy_yiuf_cottage
D:4:      layout_loops_corners, elyvilon_altar_4, minmay_temple_entry_arrows,
          serial_shops, nicolae_shop_crystal
D:5:      layout_cave_pods, slow_altar_2, enter_ossuary_5,
          minmay_misc_feat_four_crosses, chequers_serial_rivers_micro_c,
          feat_on_display
D:6:      layout_basic, mainiacjoe_overflow_large_starburst,
          nicolae_shop_self_help
D:7:      layout_loops_ring, fedhas_altar_decomposition,
          gammafunk_ghost_wrathful_warriors, minmay_misc_feat_roman, uniq_pikel
D:8:      layout_basic
D:9:      minmay_diamond_stairs, layout_irregular_city, serial_shops,
          nicolae_shop_window_shopping, serial_bayou, serial_bayou_pond_c,
          serial_bayou_pond_e, serial_bayou_pond_d, serial_bayou_pond_e,
          chequers_arboretum, uniq_maurice, uniq_prince_ribbit1
D:10:     layout_roguey [special_room_orc], okawaru_humans, orc_0_dummy
D:11:     hellmonk_paralyzer, layout_basic, dpeg_oklobed_lair, serial_shops,
          shop
D:12:     layout_roguey
Temple:   eino_wide_crystal_templ

Skill      XL: |  1  2  3  4  5  6  7  8  9 10 11 12 |
---------------+-------------------------------------+-----
Long Blades    | 3 4 5 6 7 10 12 13 | 13.2
Armour         | 4 5 7 |  7.7
Shields        | 4 5 7 |  7.6
Fighting       | 4 5 6 7 9 11 12 13 | 13.0
Dodging        | 1 3 4 5 |  5.0
Invocations    | 4 8 10 | 10.0

Action                   |  1- 3 |  4- 6 |  7- 9 | 10-12 || total
-------------------------+-------+-------+-------+-------++-------
Melee: Long sword        |    78 |    91 |   310 |   572 ||  1051
       Headbutt          |     5 |    16 |    64 |   146 ||   231
  Use: Potion            |       |     2 |       |     1 ||     3
       Scroll            |       |       |    14 |    10 ||    24
Armor: Scale mail        |    51 |    28 |   118 |   219 ||   416
Dodge: Dodged            |    46 |    47 |   140 |   282 ||   515
Block: Buckler           |    14 |    19 |    61 |   145 ||   239
